 Dungeon Crawl Stone Soup version 0.28.0 (webtiles) character file.

Game seed: 4450556997841350936

142 crazypyro the Skirmisher (level 5, -4/57 HPs)
             Began as an Ogre Wanderer on Feb 16, 2022.
             Was an Initiate of Ru.
             Killed from afar by an orc wizard (6 damage)
             ... with a puff of flame
             ... on level 3 of the Dungeon.
             The game lasted 00:04:04 (2336 turns).

crazypyro the Skirmisher (Ogre Wanderer)            Turns: 2336, Time: 00:04:05

Health: -4/57      AC:  3    Str: 19    XL:     5   Next: 24%
Magic:  14/14      EV: 10    Int: 10    God:    Ru [......]
Gold:   126        SH:  0    Dex: 10    Spells: 4/4 levels left

rFire   . . .      SeeInvis .   a - +1 hand crossbow (vorpal)
rCold   . . .      Faith    .   (no shield)
rNeg    . . .      Spirit   .   d - +0 robe
rPois   +          Reflect  .   c - +0 hat
rElec   .          Harm     .   (no cloak)
rCorr   .          Rampage  .   (gloves unavailable)
Will    .....                   (boots unavailable)
Stlth   ..........              (no amulet)
HPRegen 0.19/turn               e - ring of magical power
MPRegen 0.14/turn               v - ring of poison resistance

@: no status effects
A: large, unfitting armour, tough skin 1, no stealth
a: Renounce Religion


You were on level 3 of the Dungeon.
You worshipped Ru.
Ru was noncommittal.
You visited 1 branch of the dungeon, and saw 3 of its levels.

You collected 126 gold pieces.

Inventory:

Hand Weapons
 a - a +1 vorpal hand crossbow (weapon)
Missiles
 b - 23 bolts (quivered ammo)
 l - 3 boomerangs (quivered)
Armour
 c - a +0 hat (worn)
 d - a +0 robe (worn)
Jewellery
 e - a ring of magical power (left hand)
 f - a ring of wizardry
 v - a ring of poison resistance (right hand)
 w - a +6 ring of strength
Scrolls
 g - 4 scrolls of identify {unknown}
 h - a scroll of immolation {unknown}
 i - a scroll of enchant weapon {unknown}
 j - a scroll of holy word {unknown}
 n - 3 scrolls of teleportation {unknown}
 o - a scroll of torment {unknown}
 r - a scroll of brand weapon {unknown}
 s - a scroll of fear {unknown}
 t - a scroll of vulnerability {unknown}
Potions
 k - a potion of magic {unknown}
 m - a potion of flight {unknown}
 p - a potion of mutation {unknown}
 q - a potion of berserk rage {unknown}
 u - 3 potions of curing {unknown}
 x - a potion of haste {unknown}


   Skills:
 - Level 5.3 Fighting
 + Level 2.0 Crossbows
 - Level 2.7 Throwing
 - Level 3.2 Dodging


You had 4 spell levels left.
You didn't know any spells.
Your spell library contained the following spells:

 Spells                   Type           Power      Damage    Failure   Level
 Animate Skeleton         Necr           0%         N/A       36%         1
 Pain                     Necr           0%         1d4       36%         1
 Vampiric Draining        Necr           0%         2d6       75%         3


Dungeon Overview and Level Annotations

Branches:
Dungeon (3/15)

Altars:
Ru

Shops:
D:1 [


Innate Abilities, Weirdness & Mutations

You are too large for most types of armour.
You have tough skin. (AC +1)
You cannot be stealthy.


Message History

You clumsily bash something but do no damage.
Something hits you but does no damage.
You miss something.
You hear some strange, mumbled words.
You are confused.
Something hits you.
Okay, then.
Okay, then.
You throw a boomerang.
You hear some strange, mumbled words.
A magic dart appears from out of thin air!
The magic dart hits you!
You throw a boomerang. Something hits you.
You throw a boomerang. Something hits you.
* * * LOW HITPOINT WARNING * * *
You throw a boomerang.
You hear some strange, mumbled words.
A puff of flame appears from out of thin air!
The puff of flame hits you!
* * * LOW HITPOINT WARNING * * *
Okay, then.
Something hits you but does no damage.
There is an open door, spattered with blood here.
Items here: )) [ ††.
You feel less confused.
You clumsily bash something but do no damage.
Something hits you but does no damage. Something hits you.
* * * LOW HITPOINT WARNING * * *
You clumsily bash something but do no damage.
Something hits you.
* * * LOW HITPOINT WARNING * * *
You miss something. Something hits you.
* * * LOW HITPOINT WARNING * * *
Something hits you.
* * * LOW HITPOINT WARNING * * *
You miss something.
You hear some strange, mumbled words.
A puff of flame appears from out of thin air!
The puff of flame hits you.
You die...

.....#
####.##........#####.####
.....# #.##..................
.....# #.##.........#####.###
.....#######.##.........#
#..##
...........#.##.........#
##.##
...........#.##'#######.#
#..#
#########..#.........##.#
##.#
...........#....÷....##.# #.#
####...#..#(.({@....##.# #..
#......#.##)#######.########.
####...#.##.##.# #..........
#<.....#....##.# #########.#
####.###..####.# #....#..
#....... #(# #.##.###
######### #.# #.##.#.. #(#
#.##.#.# ..# #.##.#.#


There were no monsters in sight!

Vanquished Creatures
  Natasha (thrice) (D:2)
  An adder (D:3)
  2 worms (D:2)
  2 dart slugs
  3 orcs (D:3)
  2 endoplasms (D:2)
  3 giant cockroaches
  4 goblins
  2 hobgoblins (D:1)
  3 quokkas
  10 ball pythons
  4 bats
  2 frilled lizards
  4 kobolds
  5 rats
50 creatures vanquished.

Notes
Turn   | Place    | Note
-------+----------+-------------------------------------------
     0 | D:1      | crazypyro the Ogre Wanderer began the quest for the Orb.
     0 | D:1      | crazypyro set off with the following items: a +1 vorpal
                  | hand crossbow, 24 bolts, a +0 hat, a +0 robe
     0 | D:1      | Reached XP level 1. HP: 27/27 MP: 1/1
   227 | D:1      | Found Wekk's Armour Shop.
   238 | D:1      | Reached XP level 2. HP: 35/35 MP: 2/2
   434 | D:1      | Found a faded altar of an unknown god.
   952 | D:1      | Prayed at the altar of an unknown god.
   952 | D:1      | Became a worshipper of Ru the Awakened
   976 | D:1      | Gained mutation: You cannot be stealthy. [Ru sacrifice]
  1036 | D:2      | Reached XP level 3. HP: 42/42 MP: 3/3
  1214 | D:2      | Noticed Natasha
  1216 | D:2      | Killed Natasha
  1217 | D:2      | Reached XP level 4. HP: 50/50 MP: 4/4
  1333 | D:2      | Noticed Natasha
  1337 | D:2      | Killed Natasha
  1462 | D:2      | Noticed Natasha
  1470 | D:2      | Killed Natasha
  1788 | D:3      | Reached XP level 5. HP: 57/57 MP: 5/5
  2335 | D:3      | HP: 2/57 [something (2)]
  2336 | D:3      | Killed from afar by an orc wizard

Illustrated notes

Levels and vault maps discovered:
D:1:      dpeg_arrival_arbitrary_a, layout_basic,
          dreamdust_ecumenical_altar_statues, serial_shops,
          nicolae_shop_hallway_stairs, minmay_nonomino_d4
D:2:      layout_rooms, uniq_natasha
D:3:      layout_basic

Skill      XL: |  1  2  3  4  5 |
---------------+----------------+-----
Throwing       | 2 |  2.7
Stealth        | 0 |  0.0
Dodging        | 2 3 |  3.2
Crossbows      | 2 |  2.0
Fighting       | |  5.3

Action                   |  1- 3 |  4- 6 || total
-------------------------+-------+-------++-------
Melee: Hand crossbow     |       |     7 ||     7
 Fire: Hand crossbow     |    66 |    44 ||   110
Throw: Boomerang         |     3 |     4 ||     7
Invok: Sacrifice Stealth |     1 |       ||     1
Armor: Robe              |     3 |    10 ||    13
Dodge: Dodged            |    11 |     9 ||    20
